AoeStats
← Kevin FZ3252

Black Forest

507496431Analyzed
4v4 RM · 12d ago on Sep 18, 2026· 40m 3s· 8 players
Game mode
Random Map
Map size
Large (8 player)
Population
200
Speed
Normal
Resources
Standard
Victory
Conquest
Starting age
Dark Age
Ending age
Imperial Age
RankedLock teamsTeams togetherTeam positionsShared explorationLock speedFull tech treeHidden civsTurbo modeCheats
Victory
Defeat
🇩🇪 Portuguese · Germany
743
+15
🇫🇷 Wu · France
707
+16
🇺🇸 Koreans · United States
691
+17
🇪🇸 Britons · Spain
683
+17
🇺🇸 Goths · United States
725
-17
🇺🇸 Khmer · United States
722
-17
🇨🇳 Georgians · China
721
-16
🇨🇳 Magyars · China
685
-15
Cognitive Ball Torture
0:30 Loom
15:21 Feudal Age
16:41 Double-Bit Axe
18:35 Fletching
21:14 Castle Age
21:42 Horse Collar
22:38 Bodkin Arrow
23:55 Bow Saw
23:40 Stone Mining
26:02 Wheelbarrow
26:15 Heavy Plow
27:30 Hand Cart
32:42 Imperial Age
32:14 Gold Mining
33:01 Stone Shaft Mining
33:28 Bracer
34:38 Chemistry
34:48 Elite War Wagon
38:32 Ballistics
Walls vs Zombies 2009
12:11 Feudal Age
13:24 Loom
13:38 Fishing Lines
14:02 Double-Bit Axe
22:35 Castle Age
21:15 Gold Mining
22:38 Scale Barding Armor
22:43 Forging
23:08 Stone Mining
23:32 Bow Saw
23:21 Gillnets
24:33 Wheelbarrow
28:55 Imperial Age
27:42 Stone Shaft Mining
28:04 Chain Barding Armor
28:21 Iron Casting
29:35 Ballistics
29:00 Treadmill Crane
29:41 Ballistics
30:16 Plate Barding Armor
29:01 Cavalier
30:01 Hand Cart
30:19 Town Watch
31:16 Coinage
31:23 Siege Engineers
32:25 Chemistry
33:07 Blast Furnace
32:15 Siege Engineers
33:39 Bloodlines
33:22 Fletching
34:00 Husbandry
34:38 Bodkin Arrow
35:56 Banking
36:52 Bombard Tower
37:55 Bracer
38:07 Guilds
39:21 Two-Man Saw
38:41 Fervor
39:55 Masonry
39:42 Murder Holes
zuri_gos
0:28 Loom
13:00 Feudal Age
17:07 Wheelbarrow
16:21 Double-Bit Axe
20:19 Castle Age
18:06 Horse Collar
22:30 Fishing Lines
26:24 Gillnets
29:49 Heavy Plow
30:27 Bow Saw
30:20 Pikeman
30:46 Gambesons
30:35 Crossbowman
31:37 Fletching
31:48 Padded Archer Armor
34:18 Leather Archer Armor
33:59 Bodkin Arrow
34:22 Hand Cart
35:14 Ballistics
38:53 Imperial Age
36:21 Murder Holes
36:37 Masonry
36:40 Squires
37:11 Town Watch
glubix44
0:30 Loom
14:35 Feudal Age
15:52 Wheelbarrow
15:51 Double-Bit Axe
31:39 Castle Age
29:44 Gold Mining
29:45 Stone Mining
29:39 Horse Collar
31:50 Crossbowman
33:16 Padded Archer Armor
33:17 Scale Mail Armor
33:27 Forging
36:58 Pikeman
37:39 Squires
40:10 Fletching
40:37 Chain Mail Armor
40:58 Iron Casting
40:39 Leather Archer Armor
Kevin FZ3252
0:49 Loom
16:09 Feudal Age
22:26 Castle Age
21:49 Double-Bit Axe
31:24 Husbandry
31:42 Forging
31:38 Scale Barding Armor
34:58 Bloodlines
35:43 Bow Saw
36:14 Chain Barding Armor
35:40 Horse Collar
41:34 Imperial Age
Sweet Lady
1:26 Loom
15:23 Feudal Age
25:47 Castle Age
24:58 Wheelbarrow
25:07 Man-at-Arms
26:28 Long Swordsman
Lieut.Wan
0:31 Loom
13:28 Feudal Age
22:32 Castle Age
20:19 Double-Bit Axe
20:15 Horse Collar
20:33 Stone Mining
27:21 Bow Saw
27:14 Heavy Plow
27:10 Fletching
31:54 Wheelbarrow
31:31 Gold Mining
Uecool
14:23 Feudal Age
15:18 Double-Bit Axe
15:14 Horse Collar
19:22 Castle Age
20:28 Wheelbarrow
20:27 Caravan
22:59 Man-at-Arms
24:27 Bow Saw
26:38 Heavy Plow
27:20 Husbandry
27:31 Bloodlines
26:42 Light Cavalry
29:01 Hand Cart
30:01 Ballistics
29:22 Treadmill Crane
29:43 Stone Mining
30:25 Gold Mining
36:47 Imperial Age
35:09 Murder Holes
35:26 Corvinian Army
37:53 Conscription
37:51 Elite Magyar Huszar
39:23 Scale Barding Armor
39:01 Pikeman
Connection lost

Rejoining the realm…

Still unreachable

The connection could not be restored.

Session expired

The server has moved on; the page needs a fresh start.